 Dungeon Crawl Stone Soup version 0.23.2-1-ga50397a (webtiles) character file.

Game seed: 1126438495246540986

351 diana the Skirmisher (level 6, -3/48 HPs)
             Began as a Demonspawn Fighter on May 24, 2019.
             Slain by an ogre
             ... wielding a +0 giant spiked club
              (25 damage)
             ... on level 4 of the Dungeon.
             The game lasted 00:03:16 (2640 turns).

diana the Skirmisher (Demonspawn Fighter)           Turns: 2640, Time: 00:03:17

Health: -3/48      AC:  8    Str: 24    XL:     6   Next: 34%
Magic:  6/6        EV: 13    Int:  9    God:
Gold:   340        SH:  4    Dex: 12    Spells: 5/5 levels left

rFire    . . .     SeeInvis .   a - +0 war axe
rCold    . . .     Gourm    .   g - +0 buckler
rNeg     . . .     Faith    .   b - +0 scale mail
rPois    .         Spirit   .   (no helmet)
rElec    .         Reflect  .   (no cloak)
rCorr    .         Harm     .   (no gloves)
MR       +....                  r - +0 pair of boots
Stlth    ..........             (no amulet)
HPRegen  0.16/turn              t - ring of protection from magic
MPRegen  0.10/turn              (no ring)

@: mighty
A: repulsion field 1, foul stench 1, rot immunity
a: no special abilities


You were on level 4 of the Dungeon.
You were not hungry.

You visited 1 branch of the dungeon, and saw 4 of its levels.

You collected 340 gold pieces.

Inventory:

Hand Weapons
 a - a +0 war axe (weapon)
Armour
 b - a +0 scale mail (worn)
 c - a +0 shield
 g - a +0 buckler (worn)
 r - a +0 pair of boots (worn)
Jewellery
 t - a ring of protection from magic (left hand)
Wands
 s - a wand of flame (11)
Scrolls
 e - 3 scrolls of identify {unknown}
 h - 3 scrolls of remove curse
 i - a scroll of amnesia {unknown}
 k - 3 scrolls of teleportation {unknown}
 l - a scroll of enchant weapon {unknown}
 u - a scroll of fear {unknown}
 x - 2 scrolls of immolation {unknown}
Potions
 d - a potion of might
 j - a potion of heal wounds {unknown}
 m - a potion of degeneration {unknown}
 n - a potion of mutation {unknown}
 o - 3 potions of curing
 p - a potion of flight {unknown}
 q - a potion of berserk rage {unknown}
Comestibles
 f - 6 rations


   Skills:
 + Level 4.1 Fighting
 + Level 3.1 Axes
 + Level 3.8 Armour
 + Level 2.2 Dodging
 + Level 3.7 Shields


You had 5 spell levels left.
You didn't know any spells.
Your spell library was empty.

Dungeon Overview and Level Annotations

Branches:
Dungeon (4/15)
 Temple: D:4-7

Altars:
Fedhas
Trog
Uskayaw
Zin

Shops:
D:2 *


Innate Abilities, Weirdness & Mutations

You are surrounded by a mild repulsion field. (EV +2)
You may emit foul miasma when damaged in melee.
You are immune to rotting.


Message History

You are too injured to fight recklessly!
You are too injured to fight recklessly!
You are too injured to fight recklessly!
Unknown command.
There is a stone staircase leading up here.
You feel very mighty all of a sudden.
The ogre hits you with a +0 giant spiked club!
* * * LOW HITPOINT WARNING * * *
The ogre looks sick.
Found 19 stones.
You see here 19 stones.
You feel better. The ogre misses you.
You slash the ogre!
The ogre is severely wounded.
You block the ogre's attack. You block the gnoll's attack.
You closely miss the ogre.
The ogre is severely wounded.
The ogre hits you with a +0 giant spiked club!!
Ouch! That really hurt!
You die...

#.#.gg# #.# #g#
#.#.## #.# #.#
###..####g####g######
#......g.#.........#
##.####..#.#.#####.#
#g.###g.#.#.#
##a#..g.#.#.#
#...#O##g#.#
##..#@##.#.# .
#.....#g#.#
....###.##..#.#..
............#g#
....####....#.##
............#.<#
....####..##..# ..
#.>....# #.####.#


You could see an ogre and 4 gnolls.

Vanquished Creatures
  An ogre (D:3)
  A bullfrog (D:2)
  A hound (D:3)
  A worker ant zombie (D:3)
  5 adders
  4 oozes
  5 worms
  A dart slug (D:2)
  A leopard gecko (D:2)
  2 orcs (D:3)
  2 giant cockroaches
  7 goblins
  11 hobgoblins
  6 jackals (D:3)
  4 quokkas (D:3)
  2 ball pythons
  12 bats
  6 frilled lizards
  6 kobolds
  3 rats
81 creatures vanquished.

Notes
Turn   | Place    | Note
-------+----------+-------------------------------------------
     0 | D:1      | diana the Demonspawn Fighter began the quest for the Orb.
     0 | D:1      | Reached XP level 1. HP: 18/18 MP: 1/1
   124 | D:1      | Gained mutation: You are immune to rotting. [demonic
                  | ancestry]
   124 | D:1      | Reached XP level 2. HP: 18/24 MP: 2/2
   684 | D:2      | Gained mutation: You may emit foul miasma when damaged in
                  | melee. [demonic ancestry]
   684 | D:2      | Reached XP level 3. HP: 27/29 MP: 3/3
   740 | D:2      | Reached skill level 1 in Dodging
   784 | D:2      | Noticed a bullfrog
   795 | D:2      | HP: 1/29 [bullfrog (6)]
   801 | D:2      | Killed a bullfrog
   801 | D:2      | Gained mutation: You are surrounded by a mild repulsion
                  | field. (EV +2) [demonic ancestry]
   801 | D:2      | Reached XP level 4. HP: 9/36 MP: 4/4
  1123 | D:2      | Found a bloodstained altar of Trog.
  1203 | D:2      | Found a glowing silver altar of Zin.
  1204 | D:2      | Found Zin's Purification Station.
  1393 | D:2      | Found a blossoming altar of Fedhas.
  1393 | D:2      | Found a hide-covered altar of Uskayaw.
  1625 | D:3      | Reached XP level 5. HP: 32/42 MP: 5/5
  1975 | D:3      | Found a faded altar of an unknown god.
  2062 | D:3      | Noticed an ogre
  2069 | D:3      | Killed an ogre
  2069 | D:3      | Reached skill level 4 in Fighting
  2069 | D:3      | Reached XP level 6. HP: 29/48 MP: 6/6
  2640 | D:4      | Slain by an ogre

Skill      XL: |  1  2  3  4  5 |
---------------+----------------+-----
Axes           | 2 3 |  3.1
Armour         | 3 |  3.8
Dodging        | 1 2 |  2.2
Shields        | 3 |  3.7
Fighting       | 4 |  4.1

Action                   |  1- 3 |  4- 6 || total
-------------------------+-------+-------++-------
Melee: War axe           |    88 |   215 ||   303
  Use: Potion            |     1 |     2 ||     3
       Scroll            |       |     1 ||     1
  Eat: Chunk             |       |     6 ||     6
Armor: Scale mail        |    41 |    75 ||   116
Dodge: Dodged            |    46 |   151 ||   197
Block: Shield            |    36 |     1 ||    37
       Buckler           |       |    51 ||    51
